 Dungeon Crawl Stone Soup version 0.30-a0-465-g8901f6c8b5 (webtiles) character file.

Game seed: 7731504973268524887

884 kurumiz the Poker (level 7, -1/64 HPs)
             Began as a Minotaur Berserker on Dec 19, 2022.
             Was a Believer of Trog.
             Slain by a lemure (7 damage)
             ... led by Pikel
             ... on level 5 of the Dungeon.
             The game lasted 00:08:04 (3668 turns).

kurumiz the Poker (Minotaur Berserker)              Turns: 3668, Time: 00:08:05

Health: -1/64      AC:  5    Str: 23    XL:     7   Next: 76%
Magic:  6/6        EV: 12    Int:  4    God:    Trog [**....]
Gold:   252        SH:  0    Dex: 10    Spells: 6/6 levels left

rFire   . . .      SeeInvis .    a - +0 spear
rCold   . . .      Faith    .    (no shield)
rNeg    . . .      Spirit   .    n - +0 ring mail
rPois   .          Reflect  .    (helmet restricted)
rElec   .          Harm     .    (no cloak)
rCorr   .          Rampage  .    (no gloves)
Will    .....                    (no boots)
Stlth   +.........               (no amulet)
HPRegen 0.30/turn                q - ring of flight
MPRegen 0.10/turn                (no ring)

@: on berserk cooldown, attractive, flying, slowed, very slow
A: horns 2, retaliatory headbutt
a: Renounce Religion, Berserk, Trog's Hand


You were on level 5 of the Dungeon.
You worshipped Trog.
Trog was pleased with you.
You visited 1 branch of the dungeon, and saw 5 of its levels.

You collected 252 gold pieces.

Inventory:

Hand Weapons
 a - a +0 spear (weapon)
 k - a +0 mace of protection
 l - a +0 giant spiked club
Armour
 b - a +0 animal skin
 n - a +0 ring mail (worn)
 p - a +0 hat
Magical Staves
 v - a staff of air
Jewellery
 h - a ring of ice
 q - a ring of flight (left hand)
Scrolls
 e - 3 scrolls of fear {unknown}
 f - a scroll of poison {unknown}
 g - 8 scrolls of identify {unknown}
 i - a scroll of fog {unknown}
 j - 2 scrolls of immolation {unknown}
 o - a scroll of teleportation {unknown}
Potions
 d - a potion of attraction
 m - a potion of heal wounds {unknown}
 r - a potion of brilliance {unknown}
 s - a potion of haste {unknown}
 t - a potion of lignification {unknown}
 u - a potion of degeneration {unknown}


   Skills:
 + Level 6.7 Fighting
 + Level 7.6 Polearms
 + Level 3.1 Armour
 + Level 4.9 Dodging
 + Level 1.4 Stealth


You had 6 spell levels left.
You didn't know any spells.
Your spell library contained the following spells:

 Spells                   Type           Power      Damage    Failure   Level
 Cigotuvi's Dreadful Rot  Necr/Pois/Air  0%         N/A       80%         2
 Poisonous Vapours        Pois/Air       0%         N/A       80%         2
 Inner Flame              Hex/Fire       0%         N/A       95%         3
 Mephitic Cloud           Conj/Pois/Air  0%         N/A       95%         3
 Cause Fear               Hex            0%         N/A       100%        4
 Discord                  Hex            0%         N/A       100%        8


Dungeon Overview and Level Annotations

Branches:
Dungeon (5/15)
 Temple: D:4-7

Altars:
Uskayaw

Annotations:
D:5 Pikel


Innate Abilities, Weirdness & Mutations

You have a pair of horns on your head.
You reflexively headbutt those who attack you in melee.


Message History

That felt strangely unrewarding.
The lemure hits you!
Pikel drinks a potion.
Pikel flickers and vanishes!
Deactivating autopickup; reactivate with Ctrl-A.
Things that are here:
a +0 dagger; an adder corpse You puncture something!
Your headbutt misses something. You closely miss something.
The lemure barely misses you. Something hits you but does no damage.
You hit something but do no damage. You completely miss something.
Your headbutt misses something. Something hits you! Something burns you.
The lemure hits you.
You are too berserk!
You miss something. You puncture something!
You are no longer berserk.
You are exhausted.
You feel yourself slow down. Something hits you! Something burns you.
The lemure hits you.
You barely miss something. You headbutt something! Something hits you.
Something burns you. The lemure hits you.
Okay, then.
It was a potion of attraction.
You feel attractive to monsters. The lemure closely misses you.
Something hits you but does no damage.
It was a potion of curing.
You feel better. The lemure hits you. Something hits you!
* * * LOW HITPOINT WARNING * * *
Something burns you.
* * * LOW HITPOINT WARNING * * *
Something hits you!
* * * LOW HITPOINT WARNING * * *
Something burns you.
* * * LOW HITPOINT WARNING * * *
The lemure barely misses you.
You feel better. The lemure barely misses you. Something hits you.
* * * LOW HITPOINT WARNING * * *
Something burns you.
* * * LOW HITPOINT WARNING * * *
The lemure attacks as you move away! The lemure hits you!
You die...

#.........#
#.....<...#
#.........#
#.........#
.........#
........#
#{5....# #@#
#.# #.#
####.####.##
+.......>...
##..........
#..(......#
#.........# ###
#####)......<.#
.# #..


You could see a lemure.

Vanquished Creatures
  Grinder (D:3)
  Eustachio (D:4)
  An ogre (D:3)
  3 lemures (D:5)
  A scorpion (D:3)
  A howler monkey (D:3)
  A jelly (D:4)
  4 hounds
  A gnoll bouda (D:3)
  An orc wizard (D:3)
  2 adders
  8 gnolls
  6 dart slugs
  6 orcs
  4 ball pythons
  5 bats
  5 endoplasms
  2 giant cockroaches
  8 goblins
  4 hobgoblins
  A quokka (D:1)
  5 kobolds
  A rat (D:3)
72 creatures vanquished.

Notes
Turn   | Place    | Note
-------+----------+-------------------------------------------
     0 | D:1      | kurumiz the Minotaur Berserker began the quest for the Orb.
     0 | D:1      | Reached XP level 1. HP: 19/19 MP: 0/0
    56 | D:1      | Reached skill level 4 in Polearms
    56 | D:1      | Reached XP level 2. HP: 27/27 MP: 1/1
   342 | D:1      | Reached XP level 3. HP: 33/33 MP: 2/2
   955 | D:2      | Reached ** piety under Trog
  1398 | D:3      | Noticed Grinder
  1403 | D:3      | Paralysed by Grinder for 2 turns
  1408 | D:3      | Killed Grinder
  1409 | D:3      | Reached skill level 5 in Fighting
  1409 | D:3      | Reached skill level 5 in Polearms
  1409 | D:3      | Reached XP level 4. HP: 42/42 MP: 3/3
  1409 | D:3      | Reached XP level 5. HP: 48/48 MP: 4/4
  1584 | D:3      | Reached XP level 6. HP: 56/56 MP: 5/5
  1772 | D:3      | Reached skill level 6 in Polearms
  1877 | D:3      | Noticed a +0 falchion
  1877 | D:3      | Noticed a +0 spear
  1877 | D:3      | Noticed a +0 short sword
  1878 | D:3      | Noticed a +0 dagger
  1879 | D:3      | Noticed a +0 short sword
  1879 | D:3      | Noticed a +0 dagger
  1880 | D:3      | Noticed a +0 falchion
  1881 | D:3      | Noticed a +0 spear
  1889 | D:3      | Found a hide-covered altar of Uskayaw.
  1964 | D:3      | Reached skill level 1 in Stealth
  2399 | D:3      | Reached XP level 7. HP: 54/63 MP: 6/6
  2423 | D:3      | Reached skill level 7 in Polearms
  2660 | D:4      | Noticed Eustachio
  2669 | D:4      | Killed Eustachio
  3536 | D:5      | Entered Level 5 of the Dungeon
  3632 | D:5      | Noticed Pikel
  3668 | D:5      | Slain by a lemure

Illustrated notes

Levels and vault maps discovered:
D:1:      wander_arrival_fairy_ring, layout_rooms
D:2:      layout_basic
D:3:      layout_loops_cross, nicolae_uskayaw_en_pointe, uniq_grinder
D:4:      layout_basic, uniq_eustachio
D:5:      layout_basic, regret_index_temple_of_mockery,
          nicolae_yredelemnul_corpse_copse, minivault_4, st_stairs_1, uniq_pikel

Skill      XL: |  1  2  3  4  5  6  7 |
---------------+----------------------+-----
Polearms       | 4 5 6 7 |  7.6
Fighting       | 4 5 6 |  6.7
Dodging        | 3 4 |  4.9
Armour         | 3 |  3.1
Stealth        | 1 |  1.4

Action                   |  1- 3 |  4- 6 |  7- 9 || total
-------------------------+-------+-------+-------++-------
Melee: Spear             |    68 |    78 |    77 ||   223
       Headbutt          |     6 |     7 |    16 ||    29
       Punch             |       |     2 |     1 ||     3
Invok: Berserk           |     1 |     2 |     3 ||     6
  Use: Potion            |       |       |     3 ||     3
 Stab: Sleeping          |     1 |       |       ||     1
Armor: Animal skin       |     7 |    13 |       ||    20
       Ring mail         |       |       |     4 ||     4
Dodge: Dodged            |    26 |    46 |    35 ||   107

Table legend: (Time is in decaauts)
 A = Elapsed time spent in this place.
 B = Non-inter-level travel time spent in this place.
 C = Inter-level travel time spent in this place.
 D = Time resting spent in this place.
 E = Time spent auto-exploring this place.
 F = Levels seen in this place.
 G = Mean time per level.
                   A        B        C        D        E       F      G
               +--------+--------+--------+--------+--------+-----+--------+
         Total |   3669 |   3435 |    234 |      0 |   2821 |   5 |  733.8 |
       Dungeon |   3669 |   3435 |    234 |      0 |   2821 |   5 |  733.8 |
               +--------+--------+--------+--------+--------+-----+--------+

Top non-repeatable levels by time:
     D:3: 1175 daAuts
     D:4: 1000 daAuts
     D:2: 871 daAuts
     D:1: 501 daAuts
     D:5: 119 daAuts
